 Dungeon Sprint DCSS version 0.29-a0-517-gbdf32494f2 (webtiles) character file.

Game seed: 7174634454095656860

8178 mhtbhm the Bludgeoner (level 11, -7/101 HPs)
             Began as a Demonspawn Berserker on May 30, 2022.
             Was the Champion of Trog.
             Mangled by Sonja
             ... wielding a +0 dagger of distortion
              (15 damage)
             ... in the Dungeon (Sprint IX: "|||||||||||||||||||||||||||||").
             The game lasted 00:02:48 (1830 turns).

mhtbhm the Bludgeoner (Demonspawn Berserker)        Turns: 1830, Time: 00:02:49

Health: -7/101     AC: 16    Str: 23    XL:     11   Next: 6%
Magic:  11/11      EV: 15    Int:  8    God:    Trog [******]
Gold:   12         SH:  0    Dex: 12    Spells: 10/10 levels left

rFire   . . .      SeeInvis .   a - +6 dire flail (vorpal)
rCold   . . .      Faith    .   (shield currently unavailable)
rNeg    . . .      Spirit   .   b - +1 scale mail
rPois   .          Reflect  .   (helmet restricted)
rElec   .          Harm     .   s - +0 cloak
rCorr   .          Rampage  +   (no gloves)
Will    .....      NoTele   +   k - +0 pair of boots {rampage}
Stlth   ..........              (no amulet)
HPRegen 0.26/turn               l - +2 ring of evasion
MPRegen 0.12/turn               m - +2 ring of protection

@: on berserk cooldown, slowed, very slow
A: antennae 2, thin metallic scales 2, foul stench 1, powered by pain 2
a: Renounce Religion, Berserk, Trog's Hand, Brothers in Arms


You were in the Dungeon.
You worshipped Trog.
Trog was exalted by your worship.
You visited 1 branch You collected 12 gold pieces.

Inventory:

Hand Weapons
 a - a +6 vorpal dire flail (weapon)
Armour
 b - a +1 scale mail (worn)
 k - a +0 pair of boots of rampaging (worn)
 s - a +0 cloak (worn)
Jewellery
 l - a +2 ring of evasion (left hand)
 m - a +2 ring of protection (right hand)
Wands
 j - a wand of acid (10)
Scrolls
 h - 2 scrolls of blinking
 p - 4 scrolls of identify
 q - a scroll of fear
 r - a scroll of magic mapping
Potions
 c - a potion of invisibility
 d - 7 potions of heal wounds
 e - 2 potions of haste
 f - 4 potions of magic
 g - a potion of berserk rage
 i - 4 potions of curing
 n - a potion of mutation
 o - a potion of attraction


   Skills:
 + Level 14.8 Fighting
 + Level 17.5 Maces & Flails
 + Level 7.9 Armour
 + Level 9.2 Dodging
 + Level 1.2 Stealth


You had 10 spell levels left.
You didn't know any spells.
Your spell library was empty.

Dungeon Overview and Level Annotations

Branches:
Dungeon (1/1)

Altars:
Cheibriados
Dithmenos
Elyvilon
Fedhas
Gozag
Hepliaklqana
Kikubaaqudgha
Makhleb
Nemelex Xobeh
Okawaru
Qazlal
Ru
Sif Muna
Trog
Uskayaw
Vehumet
Wu Jian
Xom
Yredelemnul
Zin
The Shining One
Beogh
Jiyva
Lugonu

Annotations:
D Sonja


Innate Abilities, Weirdness & Mutations

You have a pair of antennae on your head.
You are mostly covered in thin metallic scales. (AC +3)
You may rarely emit foul miasma when damaged in melee.
You sometimes gain power by taking damage.


Message History

Trog accepts your kill.
Trog appreciates your killing of a magic user.
Sonja mumbles some strange words.
Sonja blinks!
Unknown command.
You rampage towards Sonja!
Sonja throws a curare-tipped dart.
The curare-tipped dart closely misses you.
You rampage towards Sonja!
You feel a strong urge to attack something.
Sonja mumbles some strange words.
Sonja blinks!
You rampage towards Sonja!
You closely miss Sonja.
Sonja is lightly wounded.
You are no longer berserk.
You are exhausted.
You feel yourself slow down. Sonja closely misses you.
Sonja completely misses you. Sonja hits you but does no damage.
Space warps horribly around you!
You hit Sonja.
Sonja is heavily wounded.
Sonja hits you but does no damage. Space warps around you.
Sonja barely misses you. Sonja misses you.
Unknown command.
You closely miss Sonja.
Sonja is heavily wounded.
Sonja completely misses you. Sonja hits you but does no damage.
Space warps around you. Sonja completely misses you.
You hit Sonja.
Sonja is severely wounded.
Sonja hits you but does no damage.
Sonja hits you with a +0 dagger of distortion.
Space warps around you. Sonja hits you but does no damage.
Space warps horribly around you!
* * * LOW HITPOINT WARNING * * *
Sonja hits you but does no damage. Space warps horribly around you!
* * * LOW HITPOINT WARNING * * *
Sonja barely misses you. Sonja hits you but does no damage.
Space warps horribly around you!
You die...

▓▓▓▓▓▓▓▓▓▓▓▓▓▓▓▓▓▓▓▓▓▓▓▓▓▓▓▓▓▓▓▓▓
__________________'...†)'÷....)..
▓▓▓▓▓▓▓▓▓▓▓▓▓▓▓▓▓▓▓▓▓▓▓▓▓▓▓▓▓▓▓▓▓
.................................
▓▓▓▓▓▓▓▓▓▓▓▓▓▓▓▓▓▓▓▓▓▓▓▓▓▓▓▓▓▓▓▓▓
÷..†)......÷)'......[)...†.'.....
▓▓▓▓▓▓▓▓▓▓▓▓▓▓▓▓▓▓▓▓▓▓▓▓▓▓▓▓▓▓▓▓▓
...............K@......)......
▓▓▓▓▓▓▓▓▓▓▓▓▓▓▓▓▓▓▓▓▓▓▓▓▓▓▓▓▓▓


{{{{{{{ {{{{{{{{{{{{{ You could see Sonja (poisoned).

Vanquished Creatures
  A hydra (D)
  Erolcha (D)
  2 centaur warriors (D)
  An ugly thing (D)
  An elephant (D)
  3 cane toads (D)
  2 komodo dragons (D)
  2 efreet (D)
  2 trolls (D)
  A blink frog (D)
  3 polar bears (D)
  A dream sheep (D)
  A culicivora (shapeshifter) (D)
  Eustachio (D)
  A basilisk (D)
  4 water moccasins (D)
  7 black bears (D)
  A wolf (D)
  A centaur (D)
  2 bullfrogs (D)
  A scorpion (D)
  A wight (D)
  2 killer bees (D)
  A gnoll shaman (D)
  An adder (D)
  An orc (D)
  An endoplasm (D)
  3 kobolds (D)
  A rat (D)
50 creatures vanquished.

Notes
Turn   | Place    | Note
-------+----------+-------------------------------------------
     0 | D        | mhtbhm the Demonspawn Berserker began the quest for the
                  | Orb.
     0 | D        | Reached XP level 1. HP: 18/18 MP: 1/1
     9 | D        | Reached skill level 3 in Maces & Flails
     9 | D        | Reached ** piety under Trog
   131 | D        | Noticed a water moccasin
   131 | D        | Noticed a gnoll shaman
   131 | D        | Noticed a scorpion
   138 | D        | Killed a scorpion
   139 | D        | Reached skill level 5 in Fighting
   139 | D        | Reached skill level 5 in Maces & Flails
   139 | D        | Gained mutation: You sometimes gain a little power by
                  | taking damage. [demonic ancestry]
   139 | D        | Reached XP level 2. HP: 27/27 MP: 2/2
   139 | D        | Gained mutation: You have a pair of small antennae on your
                  | head. [demonic ancestry]
   139 | D        | Reached XP level 3. HP: 33/33 MP: 3/3
   140 | D        | Reached *** piety under Trog
   141 | D        | Gained mutation: You may rarely emit foul miasma when
                  | damaged in melee. [demonic ancestry]
   141 | D        | Reached XP level 4. HP: 39/39 MP: 4/4
   148 | D        | Killed a water moccasin
   149 | D        | Reached skill level 7 in Maces & Flails
   149 | D        | Gained mutation: You are partially covered in thin metallic
                  | scales. (AC +2) [demonic ancestry]
   149 | D        | Reached XP level 5. HP: 22/48 MP: 5/5
   485 | D        | Found a snail-covered altar of Cheibriados.
   485 | D        | Found a shadowy altar of Dithmenos.
   485 | D        | Found a blossoming altar of Fedhas.
   485 | D        | Found an opulent altar of Gozag.
   486 | D        | Found a hazy altar of Hepliaklqana.
   487 | D        | Found a viscous altar of Jiyva.
   488 | D        | Found an ancient bone altar of Kikubaaqudgha.
   489 | D        | Found a corrupted altar of Lugonu.
   490 | D        | Found a burning altar of Makhleb.
   491 | D        | Found a sparkling altar of Nemelex Xobeh.
   492 | D        | Found an iron altar of Okawaru.
   493 | D        | Found a stormy altar of Qazlal.
   494 | D        | Found a sacrificial altar of Ru.
   495 | D        | Found a shimmering blue altar of Sif Muna.
   496 | D        | Found a bloodstained altar of Trog.
   497 | D        | Found a hide-covered altar of Uskayaw.
   498 | D        | Found a radiant altar of Vehumet.
   499 | D        | Found an ornate altar of the Wu Jian Council.
   500 | D        | Found a shimmering altar of Xom.
   501 | D        | Found a basalt altar of Yredelemnul.
   550 | D        | Noticed a troll
   550 | D        | Noticed a troll
   550 | D        | Noticed a centaur
   553 | D        | Killed a centaur
   554 | D        | Reached skill level 8 in Maces & Flails
   554 | D        | Reached XP level 6. HP: 56/56 MP: 6/6
   558 | D        | Reached **** piety under Trog
   566 | D        | Killed a troll
   567 | D        | Reached skill level 9 in Maces & Flails
   567 | D        | Reached skill level 5 in Dodging
   567 | D        | Reached XP level 7. HP: 42/64 MP: 7/7
   568 | D        | Killed a troll
   569 | D        | Reached skill level 10 in Fighting
   569 | D        | Reached skill level 10 in Maces & Flails
   572 | D        | Reached ***** piety under Trog
   766 | D        | Noticed a white ugly thing
   766 | D        | Noticed a centaur warrior
   766 | D        | Noticed an efreet
   766 | D        | Noticed a centaur warrior
   766 | D        | Noticed a yak
   766 | D        | Noticed an efreet
   767 | D        | Noticed a culicivora
   767 | D        | a yak changed into a culicivora
   773 | D        | Killed an efreet
   774 | D        | Reached skill level 11 in Maces & Flails
   774 | D        | Reached skill level 5 in Armour
   774 | D        | Gained mutation: You are mostly covered in thin metallic
                  | scales. (AC +3) [demonic ancestry]
   774 | D        | Reached XP level 8. HP: 74/74 MP: 8/8
   775 | D        | Killed a culicivora
   783 | D        | Killed a centaur warrior
   784 | D        | Reached skill level 12 in Maces & Flails
   786 | D        | Killed an efreet
   786 | D        | Received a gift from Trog
   787 | D        | Gained mutation: You sometimes gain power by taking damage.
                  | [demonic ancestry]
   787 | D        | Reached XP level 9. HP: 67/82 MP: 9/9
   790 | D        | Killed a centaur warrior
   791 | D        | Reached skill level 13 in Maces & Flails
   798 | D        | Killed a white ugly thing
   799 | D        | Reached skill level 14 in Maces & Flails
  1123 | D        | Noticed a cane toad
  1123 | D        | Noticed a six-headed hydra
  1123 | D        | Noticed a cane toad
  1123 | D        | Noticed a polar bear
  1127 | D        | Killed a polar bear
  1130 | D        | Noticed a polar bear
  1131 | D        | Killed a cane toad
  1132 | D        | Noticed an elephant
  1136 | D        | Killed a six-headed hydra
  1136 | D        | Received a gift from Trog
  1137 | D        | Reached skill level 15 in Maces & Flails
  1137 | D        | Gained mutation: You have a pair of antennae on your head.
                  | [demonic ancestry]
  1137 | D        | Reached XP level 10. HP: 89/92 MP: 10/10
  1147 | D        | Killed a cane toad
  1157 | D        | Killed an elephant
  1405 | D        | Reached skill level 16 in Maces & Flails
  1444 | D        | Noticed a cane toad
  1448 | D        | Killed a cane toad
  1448 | D        | Received a gift from Trog
  1472 | D        | Reached skill level 1 in Stealth
  1476 | D        | Reached ****** piety under Trog
  1546 | D        | Reached skill level 17 in Maces & Flails
  1546 | D        | Received a gift from Trog
  1775 | D        | Noticed Erolcha
  1781 | D        | Killed Erolcha
  1781 | D        | Received a gift from Trog
  1782 | D        | Reached XP level 11. HP: 101/101 MP: 11/11
  1805 | D        | Noticed Eustachio
  1808 | D        | Noticed Sonja
  1823 | D        | Killed Eustachio
  1830 | D        | Mangled by Sonja

Illustrated notes

Levels and vault maps discovered:
D:        linesprint [early_d, line_temple, items_1, d_10, items_2, lair_1,
          lair_end, items_3, orc_1, orc_end, items_4, d_15, swamp_1, shoals_1,
          snake_1, spider_1, d_20, vaults_1, items_5, swamp_end, shoals_end,
          snake_end, spider_end, vaults_end, d_27, items_6, zot_1, zot_end,
          crypt_end, forest_end, elf_end, slime_end, tomb_end, abyss_end,
          pan_hell_end]

Skill      XL: |  1  2  3  4  5  6  7  8  9 10 |
---------------+-------------------------------+-----
Maces & Flails | 5 7 8 9 11 12 15 17 | 17.5
Armour         | 2 3 4 5 6 7 |  7.9
Dodging        | 3 4 5 6 7 8 9 |  9.2
Fighting       | 5 7 8 9 10 11 13 14 | 14.8
Stealth        | 1 |  1.2

Action                   |  1- 3 |  4- 6 |  7- 9 | 10-12 || total
-------------------------+-------+-------+-------+-------++-------
Melee: Mace              |    18 |    12 |       |       ||    30
       Morningstar       |       |    14 |    46 |    98 ||   158
       Punch             |       |       |       |     1 ||     1
       Dire flail        |       |       |       |    17 ||    17
Invok: Berserk           |     1 |     1 |     2 |     2 ||     6
  Use: Potion            |       |     1 |       |     1 ||     2
Armor: Animal skin       |     2 |     6 |       |       ||     8
       Scale mail        |       |     8 |    17 |    44 ||    69
Dodge: Dodged            |     7 |    22 |    26 |    67 ||   122

Table legend: (Time is in decaauts)
 A = Elapsed time spent in this place.
 B = Non-inter-level travel time spent in this place.
 C = Inter-level travel time spent in this place.
 D = Time resting spent in this place.
 E = Time spent auto-exploring this place.
 F = Levels seen in this place.
 G = Mean time per level.
                   A        B        C        D        E       F      G
               +--------+--------+--------+--------+--------+-----+--------+
         Total |   1831 |   1831 |      0 |   1239 |    115 |   1 | 1831.0 |
       Dungeon |   1831 |   1831 |      0 |   1239 |    115 |   1 | 1831.0 |
               +--------+--------+--------+--------+--------+-----+--------+

Top non-repeatable levels by time:
       D: 1831 daAuts
